Map: Lost and Found LE

Players

soO - Winner!

  • Race: Zerg Zerg
  • League: Master
  • Spawn Location: 1:00

Solar

  • Race: Zerg Zerg
  • League: Diamond
  • Spawn Location: 7:00

Event: HomeStory Cup XVII

VOD

Have the link to the VOD?

Description

Time

  • Played on: July 1, 2018, 9:31 a.m.
  • Length: 14:48

All games in this series

Show
View Real Time Build Order
Export as new Build Order

soO Zerg - Winner!

Build Orders: Hatch First 

Get SALT Encoding   

  12  0:00  Drone  
  13  0:12  Overlord  
  13  0:17  Drone  
  14  0:31  Drone x2  
  14  0:34  Drone  
  17  0:51  Hatchery  
  17  0:54  Drone  
  17  0:57  Drone  
  18  1:08  Extractor  
  17  1:12  Spawning Pool  
  17  1:15  Drone  
  17  1:18  Drone  
  18  1:28  Drone  
  19  1:38  Overlord  
  19  1:49  Drone  
  20  1:56  Evolution Chamber  
  20  1:58  Queen  
  20  2:00  Zergling x2  
  22  2:02  Queen  
  22  2:03  Drone  
  25  2:12  Drone  
  25  2:13  Drone  
  27  2:21  Drone  
  28  2:25  Drone  
  28  2:28  Zerg Ground Armor Level 1  
  29  2:32  Drone  
  29  2:36  Queen  
  32  2:38  Drone  
  33  2:45  Overlord  
  33  2:48  Drone  
  34  2:55  Drone  
  35  2:58  Drone  
  35  3:03  Metabolic Boost  
  35  3:05  Drone x3  
  39  3:06  Drone  
  39  3:08  Drone  
  41  3:13  Evolution Chamber  
  41  3:19  Roach Warren  
  39  3:20  Drone  
  39  3:21  Drone  
  39  3:23  Drone  
  42  3:27  Overlord  
  42  3:35  Overlord  
  42  3:36  Zergling x4  
  44  3:42  Zerg Missile Weapons Level 1  
  44  3:44  Overlord  
  44  3:45  Zergling x2  
  44  3:46  Zergling x4  
  47  3:48  Zergling x2  
  47  3:54  Zergling x4  
  50  3:57  Zergling x4  
  51  4:04  Zergling x2  
  51  4:08  Zergling x2  
  53  4:15  Zergling x2  
  54  4:20  Zergling x10  
  59  4:25  Zergling x4  
  59  4:29  Zergling x2  
  62  4:32  Zergling x2  
  62  4:34  Lair  
  62  4:35  Hatchery  
  62  4:36  Extractor  
  61  4:48  Zergling x6  
  61  4:51  Zergling x6  
  61  4:52  Drone x2  
  66  4:57  Drone x2  
  59  5:00  Drone  
  59  5:06  Roach  
  61  5:10  Roach  
  61  5:18  Roach  
  63  5:22  Roach  
  63  5:27  Roach x3  
  67  5:28  Roach  
  67  5:30  Drone  
  67  5:31  Overlord  
  67  5:32  Extractor, Roach  
  67  5:34  Overlord  
  64  5:42  Drone  
  65  5:44  Queen  
  65  5:46  Overlord  
  67  5:53  Zergling x2, Ravager  
  67  5:55  Drone x2  
  67  5:56  Drone x2  
  73  5:59  Hatchery  
  72  6:06  Drone x2, Glial Reconstitution  
  72  6:11  Drone x6  
  78  6:18  Zerg Missile Weapons Level 2  
  80  6:20  Drone x2  
  80  6:23  Roach  
  84  6:30  Overlord, Drone x4  
  84  6:32  Overlord  
  88  6:36  Extractor, Roach x2  
  88  6:37  Overseer  
  91  6:48  Roach x2  
  91  6:49  Roach  
  94  6:59  Drone x3  
  97  7:01  Overlord  
  97  7:03  Roach x6  
  97  7:06  Overlord  
  97  7:07  Drone  
  110  7:09  Overlord  
  110  7:14  Unknown  
  110  7:19  Roach x3  
  110  7:20  Roach  
  110  7:22  Overlord  
  118  7:24  Overlord  
  118  7:27  Roach x2  
  118  7:28  Roach x3  
  128  7:31  Drone x2  
  128  7:32  Extractor  
  129  7:37  Roach x3  
  129  7:38  Roach  
  129  7:39  Overlord  
  137  7:45  Drone x3  
  140  7:58  Hatchery  
  139  7:59  Overlord, Overseer  
  139  8:01  Overlord  
  139  8:03  Drone  
  139  8:04  Roach x4  
  148  8:11  Roach  
  148  8:12  Roach x4  
  158  8:14  Ravager  
  158  8:15  Ravager x2  
  158  8:17  Unknown  
  161  8:25  Roach x4  
  161  8:26  Overlord, Roach  
  171  8:31  Extractor  
  171  8:32  Roach x3  
  176  8:37  Roach x3  
  182  8:51  Roach x4  
  182  8:52  Overlord  
  182  8:55  Overlord  
  190  9:02  Burrow, Tunneling Claws  
  190  9:22  Zerg Ground Armor Level 2  
  190  9:25  Roach x4  
  198  9:46  Spine Crawler x2  
  198  9:47  Spine Crawler  
  198  9:49  Roach x6  
  199  9:55  Spire  
  198  10:07  Unknown x2, Ravager  
  198  10:10  Spine Crawler  
  198  10:20  Drone  
  199  10:21  Extractor  
  198  10:29  Overlord  
  196  10:46  Drone  
  196  10:47  Overlord  
  159  11:14  Mutalisk x7  
  159  11:15  Mutalisk x8  
  179  11:24  Roach x6  
  179  11:25  Roach  
  191  11:34  Roach x29  
  191  11:36  Drone x2  
  193  11:40  Extractor  
  193  11:43  Ravager  
  193  11:50  Roach  
  193  11:51  Roach  
  195  11:54  Roach x3  
  195  11:57  Overseer x2  
  195  11:58  Pneumatized Carapace  
  191  12:22  Roach x5  
  182  12:32  Roach x4  
  182  12:33  Roach x5  
  161  12:45  Roach x3  
  161  12:46  Roach x19  
  161  12:48  Roach  
  182  12:55  Roach x4  
  182  12:56  Roach  
  186  12:58  Roach x2  
  176  13:10  Overseer  
  176  13:11  Drone x3  
  176  13:12  Drone x4  
  179  13:22  Roach x8  
  193  13:36  Ravager x2  
  195  13:43  Roach x2  
  199  13:57  Spine Crawler  
  199  13:59  Spine Crawler  
  197  14:08  Unknown x2  
  197  14:09  Unknown x2  
  197  14:10  Ravager x2  
  197  14:11  Ravager  
  198  14:18  Unknown x3  
  176  14:42  Unknown x3  
Show
View Real Time Build Order
Export as new Build Order

Solar Zerg 

Build Orders: Hatch First 

Get SALT Encoding   

  12  0:01  Drone  
  13  0:12  Overlord  
  13  0:17  Drone  
  14  0:31  Drone x2  
  14  0:35  Drone  
  17  0:50  Hatchery  
  17  0:53  Drone  
  17  0:56  Drone  
  18  1:02  Extractor  
  17  1:11  Spawning Pool  
  17  1:14  Drone  
  17  1:18  Drone  
  18  1:28  Drone  
  19  1:40  Overlord  
  19  1:56  Drone  
  19  1:58  Queen  
  19  2:00  Drone  
  23  2:02  Queen  
  23  2:03  Metabolic Boost, Zergling x2  
  26  2:10  Drone  
  26  2:13  Drone  
  28  2:28  Hatchery  
  28  2:30  Drone  
  28  2:33  Drone  
  28  2:35  Zergling x2  
  30  2:38  Drone  
  30  2:45  Drone x2  
  32  2:53  Overlord  
  32  3:02  Drone  
  32  3:04  Drone  
  34  3:08  Drone x2  
  36  3:15  Drone x3  
  36  3:16  Zergling x6, Evolution Chamber  
  41  3:20  Drone  
  41  3:26  Overlord  
  42  3:35  Drone  
  42  3:37  Drone  
  42  3:39  Drone x3  
  47  3:42  Queen  
  47  3:43  Drone  
  47  3:44  Overlord  
  50  3:58  Zergling x6  
  50  3:59  Zerg Ground Armor Level 1  
  50  4:02  Zergling x2  
  51  4:03  Zergling x4  
  51  4:08  Baneling Nest  
  52  4:10  Zergling x6  
  52  4:13  Zergling x4  
  52  4:14  Hatchery, Zergling x2  
  57  4:22  Overlord  
  57  4:25  Zergling x4  
  57  4:31  Overlord  
  58  4:32  Zergling x4  
  58  4:36  Zergling x2  
  58  4:37  Zergling x4  
  63  4:40  Extractor, Drone  
  63  4:41  Zergling x4  
  65  4:46  Zergling x2  
  65  4:48  Queen  
  65  4:52  Zergling x4  
  63  4:56  Zergling x2  
  63  4:58  Zergling x2  
  63  4:59  Zergling x8  
  61  5:03  Lair  
  60  5:07  Zergling x2  
  60  5:08  Zergling x4  
  60  5:10  Zergling x6  
  61  5:17  Baneling x2  
  61  5:18  Zergling x4  
  62  5:23  Zergling x8  
  59  5:30  Zergling x2  
  59  5:31  Zergling x2  
  59  5:32  Queen  
  59  5:35  Drone  
  58  5:37  Zergling x2, Drone x2  
  58  5:38  Zergling x2  
  58  5:40  Drone  
  63  5:45  Roach Warren  
  63  5:47  Drone  
  63  5:50  Drone  
  63  5:52  Drone  
  63  5:54  Drone  
  63  5:55  Drone x2  
  67  5:57  Drone  
  67  5:59  Extractor  
  67  6:00  Drone  
  67  6:01  Drone  
  68  6:08  Overlord  
  68  6:13  Zerg Missile Weapons Level 1  
  68  6:15  Overlord  
  68  6:25  Glial Reconstitution  
  68  6:26  Roach x2  
  68  6:27  Roach x4  
  68  6:31  Roach x3  
  85  6:33  Roach  
  85  6:36  Overlord  
  85  6:38  Overseer  
  87  6:42  Roach x2  
  87  6:44  Extractor  
  88  6:57  Drone x9  
  88  7:00  Drone x2  
  99  7:02  Drone  
  99  7:05  Overlord  
  99  7:07  Overlord  
  100  7:12  Roach x2  
  100  7:14  Overlord  
  103  7:16  Overlord  
  103  7:19  Overlord  
  103  7:21  Unknown  
  103  7:22  Overlord  
  103  7:26  Baneling, Drone x2  
  103  7:27  Drone x2  
  103  7:28  Drone  
  103  7:29  Drone  
  109  7:30  Drone  
  109  7:32  Drone  
  109  7:34  Extractor, Roach  
  112  7:40  Roach x3  
  122  7:44  Roach x3  
  122  7:48  Overlord  
  122  7:49  Roach  
  123  7:52  Roach x2  
  123  7:55  Roach x2  
  123  7:57  Roach  
  131  8:04  Ravager x4  
  135  8:08  Zerg Missile Weapons Level 2  
  135  8:11  Hatchery  
  134  8:16  Roach x3  
  134  8:17  Overlord, Roach  
  134  8:19  Overlord  
  142  8:23  Roach x2  
  146  8:27  Roach x2  
  146  8:29  Overlord  
  146  8:31  Roach x2  
  154  8:34  Unknown  
  154  8:37  Roach x3  
  154  8:40  Roach x2  
  163  8:46  Roach x3  
  163  8:47  Overlord  
  169  8:51  Roach x2  
  173  8:57  Roach x4  
  173  9:01  Overlord, Ravager  
  182  9:03  Roach  
  182  9:09  Roach x2  
  184  9:13  Overlord  
  184  9:14  Overlord  
  184  9:21  Roach x4  
  191  9:26  Roach x3  
  191  9:30  Overlord  
  191  9:31  Pneumatized Carapace  
  197  9:32  Overlord  
  199  9:38  Ravager x2  
  199  9:53  Hatchery, Overlord, Burrow  
  199  9:56  Overlord  
  199  9:58  Tunneling Claws  
  199  9:59  Extractor  
  197  10:05  Roach  
  199  10:22  Hydralisk Den  
  199  10:24  Ravager  
  199  10:30  Overseer  
  199  10:31  Overseer  
  199  10:36  Overseer  
  199  10:41  Roach x2  
  195  10:57  Roach x2  
  195  11:01  Roach x10  
  187  11:04  Roach  
  187  11:05  Roach  
  187  11:07  Roach x4  
  187  11:09  Roach x2  
  191  11:12  Overlord, Roach x4  
  191  11:15  Roach x2  
  191  11:16  Overseer  
  197  11:18  Roach  
  197  11:20  Overseer  
  197  11:24  Grooved Spines  
  197  11:26  Lurker Den  
  197  11:31  Drone x5  
  197  11:35  Spine Crawler  
  195  11:41  Hydralisk x2  
  195  11:42  Extractor x2  
  197  11:48  Zerg Ground Armor Level 2  
  197  11:49  Hydralisk  
  197  11:51  Spine Crawler  
  197  11:54  Spore Crawler  
  197  11:55  Spore Crawler x2  
  197  11:56  Spore Crawler  
  197  11:57  Queen  
  197  11:58  Hydralisk  
  197  12:00  Roach  
  197  12:01  Roach x4  
  198  12:02  Roach x2  
  198  12:03  Roach x2, Queen  
  198  12:05  Hydralisk  
  198  12:06  Roach x3  
  198  12:07  Roach  
  193  12:10  Hydralisk  
  193  12:11  Hydralisk  
  191  12:15  Hydralisk  
  191  12:18  Hydralisk  
  191  12:22  Hydralisk  
  189  12:24  Roach  
  189  12:26  Roach x2  
  189  12:27  Roach  
  189  12:28  Roach x4  
  189  12:29  Roach  
  186  12:31  Roach  
  186  12:34  Roach  
  186  12:36  Roach  
  178  12:38  Roach  
  178  12:42  Roach  
  178  12:43  Roach  
  162  12:45  Roach  
  162  12:46  Roach  
  162  12:47  Roach  
  162  12:48  Roach  
  162  12:49  Roach x4  
  162  12:50  Roach  
  132  12:52  Roach  
  132  12:55  Roach  
  132  12:57  Roach x2  
  128  13:00  Roach x2  
  128  13:02  Roach  
  124  13:08  Hydralisk x2  
  124  13:12  Lurker x2  
  130  13:13  Lurker  
  130  13:18  Drone x2  
  130  13:19  Drone  
  134  13:23  Muscular Augments  
  134  13:24  Hydralisk  
  136  13:27  Drone  
  136  13:28  Drone  
  136  13:29  Hydralisk  
  140  13:37  Hydralisk x2  
  140  13:40  Drone x2  
  146  13:43  Drone  
  146  13:46  Roach x2  
  145  13:50  Roach  
  145  13:51  Roach x2  
  145  13:57  Ravager  
  145  13:58  Hydralisk x3  
  152  14:03  Roach  
  152  14:06  Roach x2  
  158  14:12  Roach x2  
  158  14:14  Roach x3  
  158  14:15  Ravager x2  
  160  14:18  Roach x2  
  160  14:19  Roach  
  160  14:22  Roach  
  162  14:24  Roach  
  162  14:26  Roach  
Tags
 
Add a new tag
Caveats
  • Supply blocks, unpowered buildings, or Contaminate may cause inaccurate times.
  • Supply counts are checked every 10 seconds.